 Dungeon Crawl Stone Soup version 0.28-a0-1128-gb845255321 (webtiles) character file.

Game seed: 4025573838009119279

242 LadyOphelia the Chopper (level 5, -1/49 HPs)
             Began as a Deep Dwarf Fighter on Dec 12, 2021.
             Slain by an orc warrior (11 damage)
             ... on level 4 of the Dungeon.
             The game lasted 00:06:42 (1928 turns).

LadyOphelia the Chopper (Deep Dwarf Fighter)        Turns: 1928, Time: 00:06:43

Health: -1/49      AC:  8    Str: 22    XL:     5   Next: 82%
Magic:  3/3        EV: 14    Int:  8    God:
Gold:   202        SH:  0    Dex: 12    Spells: 4/4 levels left

rFire   . . .      SeeInvis .   a - +0 war axe
rCold   . . .      Faith    .   c - +0 buckler
rNeg    . . .      Spirit   .   b - +1 scale mail
rPois   .          Reflect  .   (no helmet)
rElec   .          Harm     .   (no cloak)
rCorr   .          Rampage  .   (no gloves)
Will    .....                   (no boots)
Stlth   ..........              (no amulet)
HPRegen 0.00/turn               i - +4 ring of evasion
MPRegen 0.08/turn               (no ring)

@: confused
A: damage resistance, heal wounds, sense surroundings 1, no regeneration
a: Heal Wounds


You were on level 4 of the Dungeon.
You visited 1 branch of the dungeon, and saw 4 of its levels.

You collected 202 gold pieces.

Inventory:

Hand Weapons
 a - a +0 war axe (weapon)
Missiles
 l - 3 throwing nets
Armour
 b - a +1 scale mail (worn)
 c - a +0 buckler (worn)
Jewellery
 i - a +4 ring of evasion (left hand)
Scrolls
 f - a scroll of magic mapping {unknown}
 g - a scroll of identify
Potions
 d - a potion of might
 h - a potion of attraction
 j - a potion of mutation {unknown}
 k - 3 potions of curing
 m - a potion of resistance {unknown}
 n - a potion of lignification {unknown}


   Skills:
 + Level 3.5 Fighting
 + Level 4.7 Axes
 + Level 4.3 Armour
 + Level 0.8 Dodging
 + Level 4.1 Shields


You had 4 spell levels left.
You didn't know any spells.
Your spell library was empty.

Dungeon Overview and Level Annotations

Branches:
Dungeon (4/15)
 Temple: D:4-7

Altars:

Shops:
D:3 =


Innate Abilities, Weirdness & Mutations

You are resistant to damage.
You can heal yourself by infusing magical energy.
You passively map a small area around you.
You do not regenerate.


Message History

The orc warrior barely misses you.
You hear some strange, mumbled words.
A puff of flame appears from out of thin air!
The puff of flame hits you.
The orc warrior hits you with a +0 dire flail!
You completely miss something. You barely miss the orc warrior.
Something hits you. The orc warrior barely misses you.
You closely miss something. You barely miss the orc warrior.
Something hits you. The orc warrior misses you.
Something hits you but does no damage.
You closely miss something.
You hit the orc warrior but do no damage.
You block the orc warrior's attack. Something hits you but does no damage.
You miss something.
You hit the orc warrior but do no damage.
The orc warrior hits you with a +0 dire flail.
Something hits you. The orc warrior barely misses you.
You miss something. You closely miss the orc warrior.
You hear some strange, mumbled words.
A magic dart appears from out of thin air!
The magic dart hits you but does no damage.
The orc warrior hits you with a +0 dire flail!
* * * LOW HITPOINT WARNING * * *
You hit something. You completely miss the orc warrior. Something hits you.
* * * LOW HITPOINT WARNING * * *
The orc warrior closely misses you.
You hear some strange, mumbled words.
A puff of flame appears from out of thin air!
The puff of flame hits you.
You closely miss something. You completely miss the orc warrior.
The orc warrior closely misses you.
You hear some strange, mumbled words.
You are confused.
The orc warrior barely misses you.
You are too confused!
You are too confused!
You are too confused!
You bump into the rock wall.
Something hits you but does no damage.
The orc warrior hits you with a +0 dire flail!
You die...

#.# , ##.# * , , ,
#.## ##.# * .......
#..### ....... ,
##....## ,.?.....
#......## .......
#.......###*
...o...
#.###.....@##
....... #.#
####.){o##.......**
#.. ###...)# , #.
#####.# ** # ##


You could see an orc warrior.

Vanquished Creatures
  Sigmund (D:3)
  A hound (D:2)
  An adder (D:2)
  A worm (D:2)
  A dart slug (D:2)
  3 orcs
  A ball python (D:2)
  2 endoplasms
  2 giant cockroaches
  2 goblins
  3 hobgoblins
  4 jackals (D:2)
  4 kobolds
  A quokka (D:1)
  3 bats
  2 frilled lizards
  2 rats
34 creatures vanquished.

Notes
Turn   | Place    | Note
-------+----------+-------------------------------------------
     0 | D:1      | LadyOphelia the Deep Dwarf Fighter began the quest for the
                  | Orb.
     0 | D:1      | Reached XP level 1. HP: 20/20 MP: 1/1
   346 | D:1      | Reached XP level 2. HP: 27/27 MP: 2/2
   676 | D:2      | Found a faded altar of an unknown god.
   856 | D:2      | Reached XP level 3. HP: 25/34 MP: 3/3
  1182 | D:2      | Reached XP level 4. HP: 22/42 MP: 4/4
  1696 | D:3      | Found Aloarug's Jewellery Shoppe.
  1740 | D:3      | Noticed Sigmund
  1752 | D:3      | Killed Sigmund
  1753 | D:3      | Reached XP level 5. HP: 28/49 MP: 4/4
  1897 | D:4      | Noticed an orc warrior
  1928 | D:4      | Slain by an orc warrior

Illustrated notes

Levels and vault maps discovered:
D:1:      dpeg_arrival_stonehenge_8_columns, layout_loops_ring
D:2:      layout_loops_ring, hellmonk_ecumenical_altar_run_dry, corexii_shack
D:3:      layout_basic, serial_shops, nicolae_shop_hallway_plus, uniq_sigmund
D:4:      layout_cave_pods, minmay_fractal_squares_gapless_5

Skill      XL: |  1  2  3  4 |
---------------+-------------+-----
Fighting       | 3 |  3.5
Axes           | 3 4 |  4.7
Shields        | 4 |  4.1
Armour         | 4 |  4.3
Dodging        | |  0.8

Action                   |  1- 3 |  4- 6 || total
-------------------------+-------+-------++-------
Melee: War axe           |    91 |    40 ||   131
 Abil: Heal Wounds       |       |     4 ||     4
  Use: Scroll            |       |     4 ||     4
Armor: Scale mail        |    41 |    18 ||    59
Dodge: Dodged            |    57 |    27 ||    84
Block: Buckler           |    30 |     8 ||    38

Table legend: (Time is in decaauts)
 A = Elapsed time spent in this place.
 B = Non-inter-level travel time spent in this place.
 C = Inter-level travel time spent in this place.
 D = Time resting spent in this place.
 E = Time spent auto-exploring this place.
 F = Levels seen in this place.
 G = Mean time per level.
                   A        B        C        D        E       F      G
               +--------+--------+--------+--------+--------+-----+--------+
         Total |   1974 |   1907 |     67 |      0 |   1424 |   4 |  493.5 |
       Dungeon |   1974 |   1907 |     67 |      0 |   1424 |   4 |  493.5 |
               +--------+--------+--------+--------+--------+-----+--------+

Top non-repeatable levels by time:
     D:2: 737 daAuts
     D:1: 656 daAuts
     D:3: 493 daAuts
     D:4: 86 daAuts
